 Dungeon Sprint DCSS version 0.29-a0-857-g9b1aa3ac5b (webtiles) character file.

Game seed: 11047717328975285071

300485 manyhoops the Heavyweight Champion (level 14, 185/185 HPs)
             Began as a Troll Berserker on July 16, 2022.
             Was the Champion of Trog.
             Escaped with the Orb!
             The game lasted 00:15:50 (1989 turns).

manyhoops the Heavyweight Champion (TrBe)           Turns: 1989, Time: 00:15:51

Health: 185/185    AC: 16    Str: 40    XL:     14   Next: 5%
Magic:  13/13      EV:  8    Int:  3    God:    Trog [******]
Gold:   3245       SH:  0    Dex:  6    Spells: 13/13 levels left

rFire   + . .      SeeInvis +     - Unarmed
rCold   . . .      Faith    .   (no shield)
rNeg    . . .      Spirit   .   A - +1 fire dragon scales
rPois   +          Reflect  .   c - +2 hat
rElec   .          Harm     .   l - +2 cloak
rCorr   .          Rampage  .   (gloves unavailable)
Will    +....      NoTele   +   (boots unavailable)
Stlth   ..........              B - amulet of regeneration
HPRegen 2.00/turn               k - ring of the Eight Towns {Ice rPois Str+2 Dex-3 SInv Stlth+}
MPRegen 0.13/turn               i - +6 ring of strength

@: flying
A: large, unfitting armour, claws 3, regeneration 1, shaggy fur 1, tough skin 1,
horns 1
0: Orb of Zot
a: Renounce Religion, Berserk, Trog's Hand, Brothers in Arms


You escaped.
You worshipped Trog.
Trog was exalted by your worship.
You visited 1 branch You collected 4372 gold pieces.
You spent 1127 gold pieces at shops.

Inventory:

Armour
 a - a +0 animal skin
 c - a +2 hat (worn)
 h - the +1 robe of Hairiness {Str+4}
   (You bought it in a shop in the Dungeon)

   Str:       It affects your strength (+4).
 l - a +2 cloak (worn)
 A - +1 fire dragon scales (worn)
Jewellery
 i - a +6 ring of strength (right claw)
 k - the ring of the Eight Towns (left claw) {Ice rPois Str+2 Dex-3 SInv Stlth+}
   (You bought it in a shop in the Dungeon)

   [ring of ice]

   It enhances your ice magic.
   Str:       It affects your strength (+2).
   Dex:       It affects your dexterity (-3).
   rF:        It makes you vulnerable to fire.
   rC:        It protects you from cold.
   rPois:     It protects you from poison.
   SInv:      It lets you see invisible.
   Stlth:     It makes you more stealthy.
 m - a +6 ring of intelligence
 p - a ring of magical power
 y - a ring of fire
 z - a ring of magical power
 B - an amulet of regeneration (around neck)
 I - a ring of positive energy
Scrolls
 j - a scroll of fog
 n - 2 scrolls of amnesia
 r - 2 scrolls of magic mapping
 u - a scroll of brand weapon
 v - 2 scrolls of fear
 C - 2 scrolls of identify
 F - a scroll of immolation {unknown}
 H - a scroll of vulnerability {unknown}
Potions
 b - 4 potions of curing
 d - 5 potions of haste
 e - 5 potions of magic
 f - a potion of berserk rage
 o - 5 potions of flight
 q - a potion of attraction
 s - 22 potions of mutation
 t - 2 potions of resistance
 w - a potion of might
 x - a potion of brilliance
 D - a potion of experience {unknown}
 E - 2 potions of heal wounds
 G - a potion of lignification {unknown}


   Skills:
 + Level 23.0 Fighting
 - Level 2.4 Dodging
 O Level 27 Unarmed Combat


You had 13 spell levels left.
You didn't know any spells.
Your spell library was empty.

Dungeon Overview and Level Annotations

Branches:
Dungeon (1/1)

Altars:
Cheibriados
Dithmenos
Elyvilon
Fedhas
Gozag
Hepliaklqana
Kikubaaqudgha
Makhleb
Nemelex Xobeh
Okawaru
Qazlal
Ru
Sif Muna
Trog
Uskayaw
Vehumet
Wu Jian
Xom
Yredelemnul
Zin
The Shining One
Jiyva
Lugonu

Shops:
D (?:!:?[!:(:![:(=*:*[=(:[(*?[?([:[?

Annotations:
D exclusions: oklob plant and orange crystal statue


Innate Abilities, Weirdness & Mutations

You are too large for most types of armour.
You have claws for hands.
Your natural rate of healing is unusually fast.
You are covered in fur. (AC +1)
You have tough skin. (AC +1)
You have a pair of small horns on your head.


Message History

You struggle against the net.
You rip the net and break free!
Really walk into that net trap? [Y]es or [N]o only, please.
Really walk into that net trap?
You become entangled in the net!
There is a net trap here.
You see here a throwing net.
You struggle against the net.
You struggle against the net.
You struggle against the net.
You rip the net and break free!
There is an open door here.
There is a fountain of blood here.
Things that are here:
a +2 dagger of distortion; 2 curare-tipped darts Your extra speed is starting to run out.
You feel very buoyant.
You fly up into the air.
There is a fountain of blood, spattered with blood here.
Things that are here:
a +0 whip; a +0 cloak
There is an open door here.
Blink to where?
Press: ? - help, Dir - move target
As you read the scroll of blinking, it crumbles to dust.
You feel yourself slow down.
Blink to where?
Press: ? - help, Dir - move target
As you read the scroll of blinking, it crumbles to dust.
Blink to where?
Press: ? - help, Dir - move target Really blink into a travel-excluded area?
As you read the scroll of blinking, it crumbles to dust.
Blink to where?
Press: ? - help, Dir - move target
As you read the scroll of blinking, it crumbles to dust.
There is a broken door here.
There is a staircase leading out of the dungeon here.
You have escaped!

##########≈≈#+++#§''##***,...#.##
#########≈≈≈.....§.§.#,,+,,..#..#
........#≈≈≈≈.##)##§§#,,####.#..#
...⌠....#≈≈≈≈##.#)##.####..).##.#
..∩.∩...#≈≈≈≈#.###.#....#..#...##
.∩.∩.∩..#≈≈####.#)####..#####..##
∩.∩.∩.∩.#≈##.###)###)##..#(.'..#.
.∩...∩.∩#≈#...##.##.#.#..#..#..#)
∩.......'≈'###'.@.'.##'..####..##
.......∩#≈#...##.##..##....###..)
▓▓▓▓▓▓###≈##.###'###.##..§...≈≈≈≈
$SS######≈≈#####.#####≈≈.....≈#+#
)sS#H,+,##≈≈≈#..#..#≈≈≈≈≈≈≈..≈#..
∩Ps+.,*+*#'#≈##)#.##≈≈≈≈≈§≈≈.≈#._
:$.*,**≈*#.#≈≈##'##≈§§§§≈≈≈≈≈≈#_.
$.,***≈≈≈####≈≈≈≈≈○○≈≈§≈≈≈≈≈≈≈#._
*+***≈≈≈≈≈*,#+++#'○○#≈§§§≈≈≈≈≈#_.


There were no monsters in sight!

Vanquished Creatures
  A golden dragon (D)
  A hellephant (D)
  2 quicksilver dragons (D)
  A deep elf blademaster (D)
  A kraken (D)
  Gastronok (D)
  Murray (D)
  2 sphinxes (D)
  Kirke (D)
  A storm dragon (D)
  A draconian shifter (D)
  3 lorocyprocas (D)
  A dire elephant (D)
  A crystal guardian (D)
  A yaktaur captain (D)
  A fire dragon (D)
  2 boulder beetles (D)
  A centaur warrior (D)
  An iron elemental (D)
  2 hell hogs (D)
  Sonja (D)
  3 sixfirhies (D)
  2 death drakes (D)
  A skeletal warrior (D)
  2 deep trolls (D)
  A glowing orange brain (D)
  A harpy (D)
  3 orc sorcerers (D)
  12 shining eyes (D)
  An elephant (D)
  An ice statue (D)
  2 cane toads (D)
  An eye of devastation (D)
  A kobold demonologist (D)
  A yaktaur (D)
  A hornet (D)
  5 polar bears (D)
  2 slime creatures (D)
  18 flying skulls (D)
  2 wyverns (D)
  4 neqoxecs (D)
  4 water moccasins (D)
  3 floating eyes (D)
  2 swamp drakes (D)
  5 scorpions (D)
  A necrophage (D)
  9 electric eels (D)
  A jelly (D)
  An iron imp (D)
  A ballistomycete spore (D)
  6 tentacles (D)
124 creatures vanquished.

Vanquished Creatures (collateral kills)
  A quicksilver dragon (D)
  3 shining eyes (D)
  7 floating eyes (D)
11 creatures vanquished.

Vanquished Creatures (others)
  Menkaure (D)
  A water moccasin (D)
  A ballistomycete spore (D)
  14 tentacles (D)
17 creatures vanquished.

Grand Total: 152 creatures vanquished

Notes
Turn   | Place    | Note
-------+----------+-------------------------------------------
     0 | D        | manyhoops the Troll Berserker began the quest for the Orb.
     0 | D        | Reached XP level 1. HP: 22/22 MP: 0/0
     1 | D        | Noticed a wyvern
     1 | D        | Noticed a wyvern
     5 | D        | Killed a wyvern
     6 | D        | Reached skill level 7 in Unarmed Combat
     6 | D        | Reached XP level 2. HP: 34/37 MP: 1/1
     6 | D        | Reached XP level 3. HP: 42/45 MP: 2/2
     6 | D        | Reached XP level 4. HP: 49/53 MP: 3/3
     6 | D        | Reached XP level 5. HP: 57/61 MP: 4/4
    12 | D        | Killed a wyvern
    13 | D        | Reached skill level 9 in Unarmed Combat
    13 | D        | Reached XP level 6. HP: 51/72 MP: 5/5
    41 | D        | Noticed a boulder beetle
    41 | D        | Noticed a boulder beetle
    49 | D        | Reached ** piety under Trog
    50 | D        | Reached skill level 10 in Unarmed Combat
    57 | D        | Killed Menkaure
    67 | D        | Reached skill level 11 in Unarmed Combat
    73 | D        | Noticed a neqoxec
    73 | D        | Noticed a neqoxec
    73 | D        | Noticed a neqoxec
    73 | D        | Noticed a neqoxec
    73 | D        | Gained mutation: Your flesh is heat resistant. (rF+) [a
                  | neqoxec]
    75 | D        | Gained mutation: You have sharp toenails. [a neqoxec]
    76 | D        | Killed a neqoxec
    76 | D        | Reached *** piety under Trog
    77 | D        | Reached XP level 7. HP: 83/83 MP: 6/6
    79 | D        | Gained mutation: Your spells are a little easier to cast,
                  | but a little less powerful. [a neqoxec]
    80 | D        | Killed a neqoxec
    81 | D        | Reached skill level 10 in Fighting
    81 | D        | Reached skill level 12 in Unarmed Combat
    82 | D        | Gained mutation: You are weak. (Str -2) [a neqoxec]
    84 | D        | Killed a neqoxec
    87 | D        | Killed a neqoxec
    88 | D        | Reached skill level 13 in Unarmed Combat
    88 | D        | Reached XP level 8. HP: 94/94 MP: 7/7
   136 | D        | Killed a boulder beetle
   136 | D        | Reached **** piety under Trog
   137 | D        | Reached skill level 14 in Unarmed Combat
   139 | D        | Killed a boulder beetle
   140 | D        | Reached skill level 15 in Unarmed Combat
   140 | D        | Reached XP level 9. HP: 106/106 MP: 8/8
   145 | D        | Found Eroufi's Magic Scroll Boutique.
   145 | D        | Found Xommelot's Assorted Antiques.
   145 | D        | Found Oczinel's Jewellery Boutique.
   145 | D        | Found Zavopaev's Armour Boutique.
   145 | D        | Found Kaxtoac's Antique Armour Shop.
   146 | D        | Found Veer's Armour Shop.
   146 | D        | Found Buurado's Antique Weapon Shop.
   146 | D        | Found Veonoor's Jewellery Shop.
   147 | D        | Found Xauf Miy's Antique Armour Shop.
   147 | D        | Found Ufesum's Distillery.
   149 | D        | Found Nicuul's Book Shop.
   149 | D        | Found Odosets's Distillery.
   149 | D        | Noticed an oklob plant
   150 | D        | Found Zymnuip's Distillery.
   150 | D        | Found Hyifre's Book Boutique.
   150 | D        | Found Oxkoxel's Book Shoppe.
   152 | D        | Reached skill level 16 in Unarmed Combat
   154 | D        | Bought the +1 robe of Hairiness {Str+4} for 274 gold pieces
   166 | D        | Bought a scroll of identify for 20 gold pieces
   166 | D        | Bought a scroll of fog for 40 gold pieces
   166 | D        | Bought a scroll of identify for 20 gold pieces
   169 | D        | Bought the ring of the Eight Towns {Ice rPois Str+2 Dex-3
                  | SInv Stlth+} for 411 gold pieces
   169 | D        | Noticed a manticore
   169 | D        | Noticed a manticore
   171 | D        | Bought a cloak for 126 gold pieces
   219 | D        | Reached ***** piety under Trog
   223 | D        | Reached skill level 17 in Unarmed Combat
   227 | D        | Received a gift from Trog
   233 | D        | Reached skill level 18 in Unarmed Combat
   237 | D        | Reached XP level 10. HP: 78/118 MP: 9/9
   261 | D        | Found a stormy altar of Qazlal.
   261 | D        | Found an ornate altar of the Wu Jian Council.
   262 | D        | Found a hazy altar of Hepliaklqana.
   262 | D        | Found a sacrificial altar of Ru.
   262 | D        | Found a shimmering altar of Xom.
   262 | D        | Found a glowing golden altar of the Shining One.
   263 | D        | Found a viscous altar of Jiyva.
   263 | D        | Found a shimmering blue altar of Sif Muna.
   263 | D        | Found a basalt altar of Yredelemnul.
   264 | D        | Found a snail-covered altar of Cheibriados.
   264 | D        | Found an ancient bone altar of Kikubaaqudgha.
   264 | D        | Found a bloodstained altar of Trog.
   264 | D        | Found a glowing silver altar of Zin.
   265 | D        | Found a shadowy altar of Dithmenos.
   265 | D        | Found a corrupted altar of Lugonu.
   265 | D        | Found a hide-covered altar of Uskayaw.
   267 | D        | Found a white marble altar of Elyvilon.
   267 | D        | Found a burning altar of Makhleb.
   268 | D        | Found a blossoming altar of Fedhas.
   269 | D        | Found an opulent altar of Gozag.
   277 | D        | Noticed a kraken
   294 | D        | Found a sparkling altar of Nemelex Xobeh.
   295 | D        | Found a radiant altar of Vehumet.
   305 | D        | Found an iron altar of Okawaru.
   454 | D        | Killed a kraken
   455 | D        | Reached skill level 19 in Unarmed Combat
   482 | D        | Received a gift from Trog
   485 | D        | Reached skill level 20 in Unarmed Combat
   521 | D        | Noticed a deep troll
   524 | D        | Noticed a deep troll
   530 | D        | Killed a deep troll
   530 | D        | Received a gift from Trog
   534 | D        | Killed a deep troll
   535 | D        | Reached skill level 21 in Unarmed Combat
   535 | D        | Reached XP level 11. HP: 64/128 MP: 10/10
   596 | D        | Noticed a sphinx
   597 | D        | Noticed a sphinx
   600 | D        | Killed a sphinx
   605 | D        | Killed a sphinx
   606 | D        | Reached skill level 22 in Unarmed Combat
   649 | D        | Noticed a sixfirhy
   653 | D        | Noticed a sixfirhy
   659 | D        | Noticed a sixfirhy
   664 | D        | HP: 4/130 [something (21)]
   669 | D        | Found Nuytugg's Book Shoppe.
   670 | D        | Found Yditzez's Antique Weapon Boutique.
   697 | D        | Killed a sixfirhy
   697 | D        | Received a gift from Trog
   703 | D        | Killed a sixfirhy
   704 | D        | Reached skill level 23 in Unarmed Combat
   706 | D        | HP: 2/131 [sixfirhy (10)]
   711 | D        | Killed a sixfirhy
   756 | D        | Noticed Gastronok
   761 | D        | Killed Gastronok
   769 | D        | Noticed a dire elephant
   769 | D        | Noticed an orc sorcerer
   769 | D        | Noticed an orc sorcerer
   769 | D        | Noticed an orc sorcerer
   774 | D        | Killed a dire elephant
   775 | D        | Noticed a sixfirhy
   780 | D        | Noticed a soul eater
   780 | D        | Killed an orc sorcerer
   780 | D        | Reached ****** piety under Trog
   781 | D        | Reached skill level 24 in Unarmed Combat
   783 | D        | Killed an orc sorcerer
   784 | D        | Killed an orc sorcerer
   796 | D        | Identified the +11 morningstar "Adghacom" {flame, rN+ SInv}
   821 | D        | Identified the +10 hand axe "Afugh" {drain, Str+4 Int+6}
   852 | D        | Identified the +1 pair of boots of Feasting {Str+7}
   853 | D        | Noticed an orange crystal statue
   886 | D        | Identified the +5 ring mail "Jotiret" {rC+ Will+ Stlth+}
   887 | D        | Found Nyitz's General Store.
   956 | D        | Noticed a crystal guardian
   968 | D        | Received a gift from Trog
   972 | D        | Noticed a death drake
   983 | D        | Killed a death drake
   984 | D        | Reached skill level 15 in Fighting
   984 | D        | Reached XP level 12. HP: 91/141 MP: 11/11
  1012 | D        | Killed a crystal guardian
  1026 | D        | Reached skill level 25 in Unarmed Combat
  1066 | D        | Gained mutation: You are dopey. (Int -2) [a shining eye]
  1068 | D        | Received a gift from Trog
  1112 | D        | Noticed Kirke
  1112 | D        | Noticed a yaktaur captain
  1113 | D        | Noticed a centaur warrior
  1139 | D        | Killed a yaktaur captain
  1143 | D        | Killed Kirke
  1144 | D        | Reached skill level 26 in Unarmed Combat
  1146 | D        | Noticed a hell hog
  1152 | D        | Killed a hell hog
  1157 | D        | Received a gift from Trog
  1160 | D        | Killed a centaur warrior
  1179 | D        | Noticed a hell hog
  1190 | D        | Killed a hell hog
  1215 | D        | Received a gift from Trog
  1228 | D        | Reached skill level 27 in Unarmed Combat
  1232 | D        | Noticed an iron elemental
  1232 | D        | Noticed a fire dragon
  1236 | D        | Killed a fire dragon
  1245 | D        | Killed an iron elemental
  1286 | D        | Found Kaodawof's Antique Weapon Emporium.
  1286 | D        | Found Daireul's Magic Scroll Shop.
  1287 | D        | Found Othog's Magic Scroll Shop.
  1287 | D        | Found Hidef's Weapon Shoppe.
  1287 | D        | Found Useip's Book Boutique.
  1287 | D        | Found Naafaob's Book Emporium.
  1287 | D        | Found Tatwuirph's Antique Weapon Shop.
  1287 | D        | Found Getu's Antique Armour Shoppe.
  1287 | D        | Found Xocsejautz's Book Boutique.
  1287 | D        | Found Leoz's Weapon Emporium.
  1287 | D        | Found Cocs's General Store.
  1287 | D        | Found Maanan's Book Shoppe.
  1290 | D        | Bought a scroll of identify for 28 gold pieces
  1290 | D        | Bought a scroll of identify for 28 gold pieces
  1290 | D        | Bought a scroll of blinking for 105 gold pieces
  1330 | D        | Identified the +8 quarterstaff "Tissyk" {vorpal, rPois rC+
                  | Stlth+} (Trog gifted it to you in the Dungeon)
  1330 | D        | Received a gift from Trog
  1358 | D        | Found Ujeron's Magic Scroll Boutique.
  1358 | D        | Found Ypnesu's Armour Shoppe.
  1358 | D        | Found Uhunwy's Armour Emporium.
  1358 | D        | Found Laesm's Magic Scroll Boutique.
  1358 | D        | Noticed a golden dragon
  1362 | D        | Killed a golden dragon
  1363 | D        | Reached XP level 13. HP: 149/157 MP: 12/12
  1368 | D        | Bought a scroll of enchant armour for 75 gold pieces
  1375 | D        | Noticed a storm dragon
  1379 | D        | Killed a storm dragon
  1426 | D        | Noticed a hellephant
  1426 | D        | Noticed a purple draconian shifter
  1451 | D        | Killed a hellephant
  1451 | D        | Received a gift from Trog
  1464 | D        | Noticed Sonja
  1472 | D        | Killed a purple draconian shifter
  1478 | D        | Killed Sonja
  1514 | D        | Received a gift from Trog
  1516 | D        | Noticed a deep elf blademaster
  1532 | D        | Killed a deep elf blademaster
  1577 | D        | Received a gift from Trog
  1623 | D        | Paralysed by a floating eye for 2 turns
  1623 | D        | Gained mutation: Your body sometimes deteriorates upon
                  | taking damage. [a shining eye]
  1628 | D        | Gained mutation: You occasionally shout uncontrollably at
                  | your foes. [a shining eye]
  1629 | D        | Received a gift from Trog
  1634 | D        | Received a gift from Trog
  1639 | D        | Gained mutation: Armour fits poorly on your strangely
                  | shaped body. [a shining eye]
  1654 | D        | Received a gift from Trog
  1672 | D        | Lost mutation: Armour fits poorly on your strangely shaped
                  | body. [potion of mutation]
  1672 | D        | Lost mutation: You are weak. (Str -2) [potion of mutation]
  1672 | D        | Lost mutation: You occasionally shout uncontrollably at
                  | your foes. [potion of mutation]
  1672 | D        | Gained mutation: You sometimes lose your temper in combat.
                  | [potion of mutation]
  1672 | D        | Gained mutation: You have an uncontrollable temper. [potion
                  | of mutation]
  1673 | D        | Lost mutation: You have sharp toenails. [potion of
                  | mutation]
  1673 | D        | Lost mutation: Your flesh is heat resistant. (rF+) [potion
                  | of mutation]
  1673 | D        | Lost mutation: Your spells are a little easier to cast, but
                  | a little less powerful. [potion of mutation]
  1674 | D        | Lost mutation: You are dopey. (Int -2) [potion of mutation]
  1674 | D        | Lost mutation: Your body sometimes deteriorates upon taking
                  | damage. [potion of mutation]
  1674 | D        | Lost mutation: You have an uncontrollable temper. [potion
                  | of mutation]
  1674 | D        | Gained mutation: You occasionally lose the ability to read
                  | scrolls when taking damage. [potion of mutation]
  1674 | D        | Gained mutation: You have hidden genetic defects. [potion
                  | of mutation]
  1674 | D        | Gained mutation: You have a somewhat thin skeletal
                  | structure. (Dex +2, Stealth+) [potion of mutation]
  1675 | D        | Lost mutation: You sometimes lose your temper in combat.
                  | [potion of mutation]
  1675 | D        | Lost mutation: You have a somewhat thin skeletal structure.
                  | (Dex +2, Stealth+) [potion of mutation]
  1675 | D        | Gained mutation: You occasionally shout uncontrollably at
                  | your foes. [potion of mutation]
  1676 | D        | Lost mutation: You occasionally lose the ability to read
                  | scrolls when taking damage. [potion of mutation]
  1676 | D        | Lost mutation: You occasionally shout uncontrollably at
                  | your foes. [potion of mutation]
  1676 | D        | Lost mutation: You have hidden genetic defects. [potion of
                  | mutation]
  1676 | D        | Gained mutation: You are agile. (Dex +4, Str/Int -1)
                  | [potion of mutation]
  1676 | D        | Gained mutation: Your mind is acute. (Int +4, Str/Dex -1)
                  | [potion of mutation]
  1676 | D        | Lost mutation: You are agile. (Dex +4, Str/Int -1) [potion
                  | of mutation]
  1676 | D        | Gained mutation: You are robust. (+10% HP) [potion of
                  | mutation]
  1677 | D        | Lost mutation: Your mind is acute. (Int +4, Str/Dex -1)
                  | [potion of mutation]
  1677 | D        | Lost mutation: You are robust. (+10% HP) [potion of
                  | mutation]
  1677 | D        | Gained mutation: You occasionally shout uncontrollably at
                  | your foes. [potion of mutation]
  1677 | D        | Gained mutation: You have sharp toenails. [potion of
                  | mutation]
  1678 | D        | Lost mutation: You occasionally shout uncontrollably at
                  | your foes. [potion of mutation]
  1678 | D        | Lost mutation: You have sharp toenails. [potion of
                  | mutation]
  1678 | D        | Gained mutation: You are partially covered in large bone
                  | plates. (SH +4) [potion of mutation]
  1678 | D        | Gained mutation: Your spells are a little easier to cast,
                  | but a little less powerful. [potion of mutation]
  1678 | D        | Gained mutation: You are robust. (+10% HP) [potion of
                  | mutation]
  1679 | D        | Lost mutation: Your spells are a little easier to cast, but
                  | a little less powerful. [potion of mutation]
  1679 | D        | Lost mutation: You are robust. (+10% HP) [potion of
                  | mutation]
  1679 | D        | Lost mutation: You are partially covered in large bone
                  | plates. (SH +4) [potion of mutation]
  1679 | D        | Gained mutation: Armour fits poorly on your strangely
                  | shaped body. [potion of mutation]
  1679 | D        | Gained mutation: Your system is resistant to poisons.
                  | (rPois) [potion of mutation]
  1680 | D        | Lost mutation: Your system is resistant to poisons. (rPois)
                  | [potion of mutation]
  1680 | D        | Lost mutation: Armour fits poorly on your strangely shaped
                  | body. [potion of mutation]
  1680 | D        | Gained mutation: You have a pair of small horns on your
                  | head. [potion of mutation]
  1782 | D        | Noticed a quicksilver dragon
  1782 | D        | Noticed a quicksilver dragon
  1786 | D        | Killed a quicksilver dragon
  1787 | D        | Noticed a lorocyproca
  1789 | D        | Noticed a lorocyproca
  1790 | D        | Killed a quicksilver dragon
  1798 | D        | Killed a lorocyproca
  1801 | D        | Killed a lorocyproca
  1806 | D        | Noticed a lorocyproca
  1815 | D        | Killed a lorocyproca
  1859 | D        | Noticed a quicksilver dragon
  1867 | D        | Killed a quicksilver dragon
  1868 | D        | Reached XP level 14. HP: 162/183 MP: 7/13
  1882 | D        | Noticed Murray
  1891 | D        | Killed Murray
  1891 | D        | Received a gift from Trog
  1894 | D        | Got the Orb of Zot
  1982 | D        | Noticed a Tzitzimitl
  1989 | D        | Escaped with the Orb!

Illustrated notes

Levels and vault maps discovered:
D:        the_violet_keep_of_menkaure [sprint2_stairs_cluster_1,
          sprint2_shoproom, sprint2_temple, sprint2_basic_supplies,
          sprint2_obstacle_1, sprint2_obstacle_2, sprint2_obstacle_7,
          sprint2_obstacle_5, sprint2_obstacle_4, sprint2_timed_cluster_1,
          sprint2_smallroom_cluster_1, sprint2_smallroom_final_cluster_1,
          sprint2_transparent_cluster_1, sprint2_second_timed_cluster_1,
          sprint2_sniper_area_1, sprint2_heavy_combat_area_1,
          sprint2_mutation_trap_area_1, sprint2_forest_area_1,
          sprint2_light_combat_area_1, sprint2_behind_water_1,
          sprint2_near_end_vault_1]

Skill      XL: |  1  2  3  4  5  6  7  8  9 10 11 12 13 14 |
---------------+-------------------------------------------+-----
Fighting       | 6 7 9 10 11 12 13 15 17 22 23 | 23.0
Unarmed Combat | 7 9 11 13 15 18 21 24 27 | 27.0
Dodging        | |  2.4

Action                   |  1- 3 |  4- 6 |  7- 9 | 10-12 | 13-15 || total
-------------------------+-------+-------+-------+-------+-------++-------
Melee: Unarmed           |     3 |    28 |    45 |   183 |   103 ||   362
       Kick              |       |       |     7 |    41 |    12 ||    60
       Punch             |       |       |     3 |    23 |     9 ||    35
       Headbutt          |       |       |       |       |    12 ||    12
Invok: Berserk           |     1 |     1 |     1 |     7 |     2 ||    12
       Trog's Hand       |       |       |     2 |    16 |     5 ||    23
       Brothers in Arms  |       |       |       |       |     4 ||     4
  Use: Scroll            |       |       |       |    14 |     5 ||    19
       Potion            |       |       |       |     8 |    14 ||    22
 Stab: Sleeping          |       |       |     1 |       |       ||     1
Armor: Animal skin       |     1 |     6 |     1 |       |       ||     8
       Robe              |       |       |     5 |    22 |       ||    27
       Fire dragon scale |       |       |       |    20 |    35 ||    55
Dodge: Dodged            |     1 |     9 |    13 |    53 |    14 ||    90

Table legend: (Time is in decaauts)
 A = Elapsed time spent in this place.
 B = Non-inter-level travel time spent in this place.
 C = Inter-level travel time spent in this place.
 D = Time resting spent in this place.
 E = Time spent auto-exploring this place.
 F = Levels seen in this place.
 G = Mean time per level.
                   A        B        C        D        E       F      G
               +--------+--------+--------+--------+--------+-----+--------+
         Total |   2012 |   2012 |      0 |    375 |    105 |   1 | 2012.0 |
       Dungeon |   2012 |   2012 |      0 |    375 |    105 |   1 | 2012.0 |
               +--------+--------+--------+--------+--------+-----+--------+

Top non-repeatable levels by time:
       D: 2012 daAuts
